 Dungeon Crawl Stone Soup version 0.20.1-1-g8b1a95d (webtiles) character file.

314 Gremour the Sneak (level 6, -2/46 HPs)
             Began as a Draconian Ice Elementalist on Sept 13, 2017.
             Killed by divine providence
             ... invoked by an orc priest
              (16 damage)
             ... on level 4 of the Dungeon.
             The game lasted 00:23:42 (3746 turns).

Gremour the Sneak (Draconian Ice Elementalist)      Turns: 3746, Time: 00:23:43

Health: -2/46      AC:  6    Str: 10    XL:     6   Next: 19%
Magic:  4/9        EV: 12    Int: 19    God:
Gold:   96         SH:  0    Dex: 13    Spells: 3/9 levels left

rFire    . . .     SeeInvis +   l - -1 spear (curse)
rCold    . . .     Gourm    +   (no shield)
rNeg     . . .     Faith    .   (armour unavailable)
rPois    .         Spirit   .   (helmet restricted)
rElec    .         Reflect  .   (no cloak)
rCorr    .         Harm     .   (no gloves)
MR       .....                  (no boots)
Stlth    +++.......             c - amulet of the gourmand
Regen    0.2/turn               j - +3 ring of intelligence
MPRegen  0.2/turn               m - ring of see invisible

@: no status effects
A: unfitting armour, cold-blooded, AC +6
a: no special abilities


You were on level 4 of the Dungeon.
You were not hungry.

You visited 1 branch of the dungeon, and saw 4 of its levels.

You collected 96 gold pieces.

Inventory:

Hand Weapons
 a - a +2 rapier
 b - a +3 dire flail of protection
 g - a +0 whip of electrocution
 h - a +0 dagger of holy wrath
 l - a cursed -1 spear (weapon)
Jewellery
 c - an amulet of the gourmand (around neck)
 j - a +3 ring of intelligence (left hand)
 m - a ring of see invisible (right hand)
Scrolls
 d - a scroll of enchant weapon
 n - a scroll of teleportation {unknown}
Potions
 f - a potion of invisibility {unknown}
Books
 e - a book of Frost

   Spells                             Type                      Level
   a - Freeze                         Ice                          1
   b - Throw Frost                    Conjuration/Ice              2
   c - Ozocubu's Armour               Charms/Ice                   3
   d - Throw Icicle                   Conjuration/Ice              4
   e - Summon Ice Beast               Ice/Summoning                4
Comestibles
 i - 2 bread rations
 k - 6 fruits


   Skills:
 - Level 0.4 Fighting
 - Level 1.1 Short Blades
 - Level 2.2 Dodging
 * Level 5.3 Stealth
 - Level 0.6 Unarmed Combat
 - Level 2.2 Spellcasting
 - Level 1.0 Conjurations
 - Level 3.7 Ice Magic


You had 3 spell levels left.
You knew the following spells:

 Your Spells              Type           Power        Failure   Level  Hunger
a - Throw Frost           Conj/Ice       ##....       10%         2    ##.....
d - Ozocubu's Armour      Chrm/Ice       #.......     22%         3    ###....
z - Freeze                Ice            ###.         3%          1    #......


Dungeon Overview and Level Annotations

Branches:
Dungeon (4/15)
 Temple: D:4-7

Altars:
Hepliaklqana


Innate Abilities, Weirdness & Mutations

Your plain brown scales are hard. (AC +6)
You cannot fit into any form of body armour.
You are cold-blooded and may be slowed by cold attacks.


Message History

Press: ? - help, Shift-Dir - straight line, f - orc priest
Aim: an orc priest You freeze the orc priest.
The orc priest is moderately wounded.
The orc priest mumbles some strange prayers to Beogh against you.
Pain shoots through your body!
You hit the orc priest.
The orc priest is severely wounded.
The orc priest mumbles some strange prayers to Beogh against you.
Beogh smites you!
Casting: Freeze
Confirm with . or Enter, or press ? or * to list all spells.
Aiming: Freeze
Press: ? - help, Shift-Dir - straight line, f/p - orc priest
Aim: an orc priest (severely wounded)
You freeze the orc priest.
The orc priest is almost dead.
The orc priest calls down the wrath of Beogh upon you.
Beogh smites you!
You die...

#.##########
#.# #.# #.#
#.# #.# #.#
#.# #@# #o#
#.# #.# ..#
###


You could see an orc priest.

Vanquished Creatures
  Edmund (D:4)
  A bullfrog (D:3)
  An orc wizard (D:4)
  3 adders
  An ooze (D:3)
  3 worms
  2 dart slugs
  3 leopard geckos
  An orc (D:4)
  2 giant cockroaches
  7 goblins
  A hobgoblin (D:3)
  6 jackals
  12 kobolds
  2 quokkas (D:3)
  8 bats
  7 rats
61 creatures vanquished.

Notes
Turn   | Place    | Note
-------+----------+-------------------------------------------
     0 | D:1      | Gremour the Draconian Ice Elementalist began the quest for the Orb.
     0 | D:1      | Reached XP level 1. HP: 14/14 MP: 3/3
   319 | D:1      | Reached skill level 2 in Stealth
   319 | D:1      | Reached XP level 2. HP: 20/20 MP: 3/5
  1091 | D:2      | HP: 1/20 [worm (9)]
  1447 | D:2      | Reached XP level 3. HP: 20/26 MP: 0/6
  1608 | D:2      | Learned a level 3 spell: Ozocubu's Armour
  1611 | D:2      | Learned a level 2 spell: Throw Frost
  1641 | D:2      | Found a hazy altar of Hepliaklqana.
  2112 | D:3      | Reached XP level 4. HP: 18/34 MP: 1/7
  2197 | D:3      | Reached skill level 1 in Short Blades
  2281 | D:3      | Noticed a phantom
  2281 | D:3      | Noticed a bullfrog
  2312 | D:3      | Killed a bullfrog
  2312 | D:3      | Reached skill level 3 in Stealth
  2312 | D:3      | Reached XP level 5. HP: 36/39 MP: 2/8
  2616 | D:2      | Learned a level 1 spell: Freeze
  3206 | D:4      | Noticed Edmund
  3220 | D:4      | Killed Edmund
  3220 | D:4      | Reached skill level 5 in Stealth
  3220 | D:4      | Reached XP level 6. HP: 27/46 MP: 0/9
  3746 | D:4      | Killed from afar by an orc priest

Skill      XL: |  1  2  3  4  5 |
---------------+----------------+-----
Stealth        | 2 3 5 |  5.3
Dodging        | 2 |  2.2
Short Blades   | 1 |  1.1
Fighting       | |  0.4
Unarmed Combat | |  0.6
Spellcasting   | |  2.2
Conjurations   | |  1.0
Ice Magic      | |  3.7

Action                   |  1- 3 |  4- 6 || total
-------------------------+-------+-------++-------
Melee: Unarmed           |     8 |       ||     8
       Spear             |     8 |    13 ||    21
       Short sword       |    59 |       ||    59
       Tailslap          |     7 |     5 ||    12
       Rapier            |       |    67 ||    67
 Cast: Freeze            |    44 |    33 ||    77
       Throw Frost       |     6 |     3 ||     9
  Use: Potion            |       |     4 ||     4
       Scroll            |       |     8 ||     8
 Stab: Sleeping          |     2 |     2 ||     4
  Eat: Chunk             |    10 |     5 ||    15
Armor: Skin              |    29 |    45 ||    74
Dodge: Dodged            |    68 |    48 ||   116
